 Dungeon Crawl Stone Soup version 0.27.1-2-g3b301248ec (webtiles) character file.

Game seed: 7748072897584660988

15 Kold the Stinger (level 2, 22/22 HPs)
             Began as a Naga Venom Mage on Oct 1, 2021.
             Quit the game on level 1 of the Dungeon.
             The game lasted 00:00:55 (812 turns).

Kold the Stinger (Naga Venom Mage)                   Turns: 812, Time: 00:00:56

Health: 22/22      AC:  1    Str: 10    XL:     2   Next: 50%
Magic:  5/5        EV:  9    Int: 15    God:
Gold:   38         SH:  0    Dex: 11    Spells: 4/5 levels left

rFire    . . .     SeeInvis +   d - +0 mace
rCold    . . .     Faith    .   (no shield)
rNeg     . . .     Spirit   .   a - +0 robe
rPois    +         Reflect  .   (no helmet)
rElec    .         Harm     .   (no cloak)
rCorr    .         Rampage  .   (no gloves)
Will     .....                  (no barding)
Stlth    ++........             (no amulet)
HPRegen  0.07/turn              (no ring)
MPRegen  0.09/turn              (no ring)

@: very slow
A: AC +0, large, see invisible, deformed body, poison resistance, slowness 2,
spit poison 1, naga tail 1
a: Spit Poison


You were on level 1 of the Dungeon.
You visited 1 branch of the dungeon, and saw 1 of its levels.

You collected 38 gold pieces.

Inventory:

Hand Weapons
 d - a +0 mace (weapon)
Armour
 a - a +0 robe (worn)
Scrolls
 c - a scroll of blinking {unknown}
Potions
 b - a potion of curing {unknown}


   Skills:
 - Level 1.5 Dodging
 + Level 4.0 Stealth
 - Level 2.0 Spellcasting
 - Level 1.0 Transmutations
 + Level 4.5 Poison Magic


You had 4 spell levels left.
You knew the following spells:

 Your Spells              Type           Power      Damage    Failure   Level
a - Sting                 Tmut/Pois      36%        1d4       7%          1

Your spell library contained the following spells:

 Spells                   Type           Power      Damage    Failure   Level
 Poisonous Vapours        Pois/Air       16%        N/A       13%         2
 Pain                     Necr           4%         1d4       22%         1
 Olgreb's Toxic Radiance  Pois           15%        N/A       32%         4
 Mephitic Cloud           Conj/Pois/Air  6%         N/A       34%         3


Dungeon Overview and Level Annotations

Branches:
Dungeon (1/15)

Altars:


Innate Abilities, Weirdness & Mutations

Your serpentine skin is tough. (AC +0)
You have supernaturally acute eyesight. (SInv)
Armour fits poorly on your strangely shaped body.
Your system is resistant to poisons. (rPois)
You cover ground very slowly.
You can spit poison.
You have a snake-like lower body.


Message History

The sting misses the goblin.
You kill the goblin!
Unknown command.
Your magical contamination has completely faded away.
Things that are here:
a +0 dagger; a goblin corpse
Things that are here:
a +0 dagger; a goblin corpse A rat comes into view.
A rat is nearby!
A rat is nearby!
Casting: Sting (safe; 7% risk of failure)
Confirm with . or Enter, or press ? or * to list all spells.
You can't see any susceptible monsters within range! (Use Z to cast anyway.)
Casting: Sting (safe; 7% risk of failure)
Confirm with . or Enter, or press ? or * to list all spells.
Aiming: Sting (safe; 7% risk of failure)
Press: ? - help, Shift-Dir - straight line, f - rat
Aim: a rat (68% to hit)
The sting misses the rat.
Casting: Sting (safe; 7% risk of failure)
Confirm with . or Enter, or press ? or * to list all spells.
Aiming: Sting (safe; 7% risk of failure)
Press: ? - help, Shift-Dir - straight line, f/p - rat
Aim: a rat (68% to hit)
The sting hits the rat.
The rat is poisoned.
You kill the rat!
Your Stealth skill increases to level 4!
You see here a rat corpse.
Found 21 stones.
Found an escape hatch in the floor.
As you open the door, it creaks loudly!
There is an open door here.
There is an escape hatch in the floor here.
Found 14 gold pieces.
You now have 38 gold pieces (gained 14).
A ball python comes into view.
A ball python is nearby!
A ball python is nearby!
Found a stone staircase leading down.
Are you sure you want to abandon this character and quit the game? (Confirm with "yes".)

######
##########....#
>......@......#
...S..#.#.....#
.#### #.......#
#.##......#
#.........#
#####.....#
#.....####
####.#.....###
+.............


You could see a ball python (asleep).

Vanquished Creatures
  A dart slug (D:1)
  2 bats (D:1)
  2 goblins (D:1)
  A quokka (D:1)
  A frilled lizard (D:1)
  2 kobolds (D:1)
  4 rats (D:1)
13 creatures vanquished.

Notes
Turn   | Place    | Note
-------+----------+-------------------------------------------
     0 | D:1      | Kold the Naga Venom Mage began the quest for the Orb.
     0 | D:1      | Reached XP level 1. HP: 15/15 MP: 3/3
   184 | D:1      | Found a faded altar of an unknown god.
   193 | D:1      | Got Plato's Handbook of Dark Rites
   333 | D:1      | Reached XP level 2. HP: 19/22 MP: 0/5
   812 | D:1      | Quit the game

Illustrated notes

Levels and vault maps discovered:
D:1:      dpeg_arrival_stone_temple_mockup, layout_basic,
          shapermc_ecumenical_altar_rom_forum

Skill      XL: |  1  2 |
---------------+-------+-----
Stealth        | 4 |  4.0
Dodging        | |  1.5
Spellcasting   | |  2.0
Transmutations | |  1.0
Poison Magic   | |  4.5

Action                   || total
-------------------------++-------
Melee: Mace              ||     9
 Cast: Sting             ||    21
Armor: Robe              ||     3
Dodge: Dodged            ||     6
